 Dungeon Crawl Stone Soup version 0.31-a0-60-g62046a28e0 (webtiles) character file.

Game seed: 8991348845425057113

119 ghijl the Trooper (level 4, -4/41 HPs)
             Began as a Minotaur Fighter on May 22, 2023.
             Succumbed to an orc wizard's poison
             ... on level 3 of the Dungeon.
             The game lasted 00:02:39 (1174 turns).

ghijl the Trooper (Minotaur Fighter)                Turns: 1174, Time: 00:02:39

Health: -4/41      AC:  8    Str: 26    XL:     4   Next: 74%
Magic:  3/3        EV: 10    Int:  4    God:
Gold:   69         SH:  0    Dex:  9    Spells: 3/3 levels left

rFire   . . .        a - +0 war axe
rCold   . . .        c - +0 buckler
rNeg    . . .        b - +0 scale mail
rPois   .            (helmet restricted)
rElec   .            (no cloak)
rCorr   .            g - +0 pair of gloves
SInv    .            (no boots)
Will    .....        (no amulet) Stlth
                     (no ring)
HPRegen 0.26/turn    (no ring)
MPRegen 0.08/turn

%: no passive effects
@: confused, mighty, brilliant, lethally poisoned (-4 -> -28)
A: horns 2, retaliatory headbutt, strong 1, evolution 1, inability to read after
injury 1
a: no special abilities


You were on level 3 of the Dungeon.
You visited 1 branch of the dungeon, and saw 3 of its levels.

You collected 69 gold pieces.

Inventory:

Hand Weapons
 a - a +0 war axe (weapon)
Armour
 b - a +0 scale mail (worn)
 c - a +0 buckler (worn)
 g - a +0 pair of gloves (worn)
Scrolls
 h - a scroll of teleportation


   Skills:
 + Level 4.4 Fighting
 + Level 3.4 Axes
 + Level 4.3 Armour
 + Level 2.0 Dodging
 + Level 4.3 Shields


You had 3 spell levels left.
You didn't know any spells.
Your spell library was empty.

Dungeon Overview and Level Annotations

Branches:
Dungeon (3/15)

Altars:

Shops:
D:2 :


Innate Abilities, Weirdness & Mutations

You have a pair of horns on your head.
You reflexively headbutt those who attack you in melee.
Your muscles are strong. (Str +4, Int/Dex -1)
You have hidden genetic potential.
You occasionally lose the ability to read scrolls when taking damage.


Message History

You feel very sick.
Something hits you but does no damage. x2
You are more poisoned.
You feel very mighty all of a sudden.
You feel very sick. Something hits you but does no damage.
You are more poisoned.
Something hits you.
Unknown command.
You barely miss something. Your headbutt misses something. You miss something.
You feel extremely sick. Something hits you but does no damage.
You are more poisoned.
Something hits you but does no damage. x2; Something hits you.
Unknown command.
You miss something. You headbutt something!
Reactivating autopickup.
You feel a bit more experienced.
You slash something!
* * * LOW HITPOINT WARNING * * *
You feel extremely sick.
You hear some strange, mumbled words.
Deactivating autopickup; reactivate with Ctrl-A.
You are confused.
Your Dodging skill increases to level 2!
You aren't carrying any potions.
Unknown command.
Unknown command.
You completely miss something.
* * * LOW HITPOINT WARNING * * *
You feel extremely sick. Something hits you but does no damage.
You are more poisoned.
Unknown command.
You aren't carrying any potions.
Unknown command.
Okay, then.
Unknown command.
Unknown command.
You completely miss something. Your headbutt misses something.
You die...

..##### ..#.. .#
#. #.#.# .#
##..##...# ..#
........)###.#
##......#
#.<..#..##
#....##.....#..
.:..... #@)......
#######..){......
#............
....###........
... ..<...... ..
#........ .
#........
#........


There were no monsters in sight!

Vanquished Creatures
  Jessica (D:2)
  An orc wizard (D:3)
  An adder (D:2)
  2 dart slugs (D:2)
  2 orcs (D:3)
  2 bats (D:1)
  An endoplasm (D:1)
  10 goblins
  5 hobgoblins
  7 kobolds
  4 quokkas
  4 ball pythons
  3 frilled lizards (D:2)
  10 rats
53 creatures vanquished.

Notes
Turn   | Place    | Note
-------+----------+-------------------------------------------
     0 | D:1      | ghijl the Minotaur Fighter began the quest for the Orb.
     0 | D:1      | Reached XP level 1. HP: 19/19 MP: 0/0
   115 | D:1      | Reached XP level 2. HP: 26/27 MP: 1/1
   298 | D:1      | Reached skill level 1 in Dodging
   534 | D:1      | Reached XP level 3. HP: 32/33 MP: 2/2
  1009 | D:2      | Noticed Jessica
  1014 | D:2      | Killed Jessica
  1015 | D:2      | Reached XP level 4. HP: 40/40 MP: 3/3
  1034 | D:2      | Gained mutation: You have hidden genetic potential. [potion
                  | of mutation]
  1034 | D:2      | Gained mutation: You occasionally lose the ability to read
                  | scrolls when taking damage. [potion of mutation]
  1034 | D:2      | Gained mutation: Your muscles are strong. (Str +4, Int/Dex
                  | -1) [potion of mutation]
  1108 | D:2      | Found Mohe's Book Boutique.
  1174 | D:3      | Succumbed to an orc wizard's poison

Illustrated notes

Levels and vault maps discovered:
D:1:      psy_arrival_spokes, layout_basic
D:2:      layout_rooms, serial_shops, shop, uniq_jessica
D:3:      layout_rooms, serial_park_tiny_pond

Skill      XL: |  1  2  3  4 |
---------------+-------------+-----
Dodging        | 1 2 |  2.0
Shields        | 4 |  4.3
Armour         | 4 |  4.3
Fighting       | 4 |  4.4
Axes           | 3 |  3.4

Action                     |  1- 3 |  4- 6 || total
---------------------------+-------+-------++-------
  Melee: War axe           |    95 |    19 ||   114
         Headbutt          |    12 |     2 ||    14
    Use: Scroll            |       |     6 ||     6
         Potion            |       |     4 ||     4
 Armour: Scale mail        |    37 |    15 ||    52
  Dodge: Dodged            |    40 |     4 ||    44
  Block: Buckler           |    15 |     3 ||    18

Table legend: (Time is in decaauts)
 A = Elapsed time spent in this place.
 B = Non-inter-level travel time spent in this place.
 C = Inter-level travel time spent in this place.
 D = Time resting spent in this place.
 E = Time spent auto-exploring this place.
 F = Levels seen in this place.
 G = Mean time per level.
                   A        B        C        D        E       F      G
               +--------+--------+--------+--------+--------+-----+--------+
         Total |   1216 |   1183 |     33 |      0 |    885 |   3 |  405.3 |
       Dungeon |   1216 |   1183 |     33 |      0 |    885 |   3 |  405.3 |
               +--------+--------+--------+--------+--------+-----+--------+

Top non-repeatable levels by time:
     D:1: 747 daAuts
     D:2: 445 daAuts
     D:3: 24 daAuts
